 Dungeon Crawl Stone Soup version 0.26-a0-672-g1df16c3386 (webtiles) character file.

Game seed: 7340623834514703387

107944 mattiecakes the Whirler (level 17, -14/121 HPs)
             Began as a Halfling Hunter on Oct 19, 2020.
             Was the Champion of Okawaru.
             Killed from afar by a shock serpent (30 damage)
             ... with a bolt of electricity
             ... on level 3 of the Snake Pit on Oct 20, 2020.
             The game lasted 01:38:01 (31183 turns).

mattiecakes the Whirler (Halfling Hunter)          Turns: 31183, Time: 01:38:02

Health: -14/121    AC: 17    Str: 24    XL:     17   Next: 3%
Magic:  20/22      EV: 24    Int: 12    God:    Okawaru [******]
Gold:   2511       SH:  0    Dex: 17    Spells: 16/16 levels left

rFire    . . .     SeeInvis .   a - +5 fustibalus (vorpal)
rCold    . . .     Faith    .   (shield restricted)
rNeg     . . .     Spirit   .   J - +1 ring mail {rPois}
rPois    +         Reflect  .   N - +1 hat {MR+}
rElec    .         Harm     .   d - scarf {+Inv}
rCorr    .         Rampage  .   l - +2 pair of gloves
MR       ++...                  p - +2 pair of boots of the Sun {*Drain Int+3 Slay+3 Stlth+}
Stlth    ++........             (no amulet)
HPRegen  0.30/turn              y - +6 ring of strength
MPRegen  0.18/turn              x - +4 ring of slaying

@: about to teleport
A: small, mutation resistance 1
a: Heroism, Finesse, Renounce Religion, Evoke Invisibility


You were on level 3 of the Snake Pit.
You worshipped Okawaru.
Okawaru was exalted by your worship.
You visited 5 branches of the dungeon, and saw 24 of its levels.
You also visited: Bailey and Gauntlet.

You collected 2511 gold pieces.

Inventory:

Hand Weapons
 a - a +5 vorpal fustibalus (weapon)
 b - a +8 quick blade
Missiles
 i - 792 stones
 t - 209 sling bullets (quivered)
Armour
 d - a scarf of invisibility (worn)
 l - a +2 pair of gloves (worn)
 p - the +2 pair of boots of the Sun (worn) {*Drain Int+3 Slay+3 Stlth+}
   (You found it on level 12 of the Dungeon)

   It affects your intelligence (+3).
   It affects your accuracy and damage with ranged weapons and melee attacks
   (+3).
   It causes draining when unequipped.
   It makes you more stealthy.
 D - a +2 plate armour of cold resistance
 J - a +1 ring mail of poison resistance (worn)
 N - a +1 hat of magic resistance (worn)
Jewellery
 o - an uncursed ring of see invisible
 x - a +4 ring of slaying (right hand)
 y - a +6 ring of strength (left hand)
 C - an uncursed ring of protection from magic
 K - the ring "Teebe" {rC+ rN+ MR+ Str+2 Dex-5}
   (You found it on level 4 of the Lair of Beasts)

   [ring of protection from cold]

   It affects your strength (+2).
   It affects your dexterity (-5).
   It protects you from cold.
   It protects you from negative energy.
   It affects your resistance to hostile enchantments.
 O - an uncursed ring of protection from magic
 W - the ring of Juesul {rF++ rC+ Str+6 Int-3, unknown}
   (You found it on level 3 of the Snake Pit)

   [ring of strength]

   It affects your strength (+6).
   It affects your intelligence (-3).
   It greatly protects you from fire.
   It protects you from cold.
Wands
 h - a wand of digging (12)
 z - a wand of flame (80)
 B - a wand of disintegration (42)
 E - a wand of enslavement (12)
 F - a wand of iceblast (45)
 G - a wand of paralysis (25)
 V - a wand of acid (20)
 Y - a wand of random effects (17)
Scrolls
 f - 8 scrolls of magic mapping
 g - 6 scrolls of enchant armour
 k - 4 scrolls of fog
 n - a scroll of fear
 q - 4 scrolls of amnesia
 v - 7 scrolls of remove curse
 T - 3 scrolls of teleportation
 U - 5 scrolls of identify
Potions
 c - 3 potions of ambrosia
 j - 4 potions of curing
 m - a potion of mutation {unknown}
 s - 6 potions of resistance
 u - 2 potions of might
 w - 4 potions of cancellation
 A - 5 potions of stabbing
 H - 5 potions of brilliance
 I - a potion of haste
 L - 2 potions of flight {unknown}
 P - 2 potions of invisibility
 Q - 3 potions of lignification {unknown}
 S - 2 potions of magic
Miscellaneous
 e - a phantom mirror
 r - a condenser vane (2/2)
 M - a condenser vane (2/2)


   Skills:
 + Level 12.6 Fighting
 - Level 8.0 Short Blades
 + Level 18.5 Slings
 + Level 13.3 Armour
 + Level 13.6 Dodging
 - Level 1.1 Stealth
 - Level 7.1 Invocations
 - Level 9.9 Evocations


You had 16 spell levels left.
You didn't know any spells.
Your spell library contained the following spells:

 Spells                   Type           Power        Failure   Level
 Animate Skeleton         Necr           #.....       41%         1
 Apportation              Tloc           #.....       41%         1
 Beastly Appendage        Tmut           #.....       41%         1
 Corona                   Hex            #......      41%         1
 Freeze                   Ice            #...         41%         1
 Sandblast                Erth           #.....       41%         1
 Summon Small Mammal      Summ           #...         41%         1
 Blink                    Tloc           N/A          56%         2
 Call Imp                 Summ           #.......     56%         2
 Ensorcelled Hibernation  Hex/Ice        #.....       56%         2
 Passwall                 Tmut/Erth      #.......     56%         2
 Poisonous Vapours        Pois/Air       #.....       56%         2
 Wereblood                Tmut           #.......     56%         2
 Call Canine Familiar     Summ           #.......     80%         3
 Confusing Touch          Hex            #.......     80%         3
 Dazzling Flash           Conj/Hex       #.....       80%         3
 Frozen Ramparts          Ice            #.....       80%         3
 Gell's Gravitas          Tloc           #.........   80%         3
 Lesser Beckoning         Tloc           #.........   80%         3
 Ozocubu's Armour         Ice            #.......     80%         3
 Spider Form              Tmut/Pois      #.........   80%         3
 Stone Arrow              Conj/Erth      #.....       80%         3
 Summon Guardian Golem    Hex/Summ       #.......     80%         3
 Teleport Other           Tloc           #.......     80%         3
 Tukima's Dance           Hex            #.......     80%         3
 Hailstorm                Conj/Ice       #.......     99%         4
 Ice Form                 Ice/Tmut       #.......     99%         4
 Passage of Golubria      Tloc           N/A          99%         4
 Petrify                  Tmut/Erth      #.......     99%         4
 Summon Ice Beast         Ice/Summ       #.......     99%         4
 Summon Lightning Spire   Summ/Air       #.......     99%         4
 Blade Hands              Tmut           #.........   100%        5
 Bolt of Magma            Conj/Fire/Erth #.........   100%        5
 Iskenderun's Battlesphe  Conj           #.......     100%        5
 Lee's Rapid Deconstruct  Erth           #.........   100%        5
 Metabolic Englaciation   Hex/Ice        #.........   100%        5
 Silence                  Hex/Air        #.........   100%        5
 Summon Demon             Summ           #.........   100%        5
 Summon Forest            Summ/Tloc      #.........   100%        5
 Summon Mana Viper        Hex/Summ       #.......     100%        5
 Yara's Violent Unravell  Hex/Tmut       #.........   100%        5
 Iron Shot                Conj/Erth      #.........   100%        6
 Shadow Creatures         Summ           N/A          100%        6
 Orb of Destruction       Conj           #.........   100%        7
 Spellforged Servitor     Conj/Summ      #.........   100%        7
 Summon Hydra             Summ           #.........   100%        7
 Tornado                  Air            #.........   100%        9


Dungeon Overview and Level Annotations

Branches:
Dungeon (12/15)            Temple (1/1) D:4            Lair (6/6) D:11
  Snake (3/4) Lair:2        Slime (0/5) Lair:6          Orc (2/2) D:10
    Elf (0/3) Orc:2        Bailey (visited)         Gauntlet (visited)
  Swamp: Lair:2-4    Shoals: Lair:2-4

Altars:
Ashenzari
Cheibriados
Dithmenos
Elyvilon
Fedhas
Gozag
Hepliaklqana
Kikubaaqudgha
Makhleb
Nemelex Xobeh
Okawaru
Qazlal
Ru
Sif Muna
Trog
Uskayaw
Vehumet
Wu Jian
Xom
Yredelemnul
Zin
The Shining One

Shops:
D:7 [   Orc:2 [*(=!

Annotations:
D:6 3 runed translucent doors, ArthosElwyn's ghost, novice OpWn
D:9 3 runed translucent doors, robertstho's ghost, novice DEIE


Innate Abilities, Weirdness & Mutations

You are small and have problems with some larger weapons.
You are somewhat resistant to further mutation.


Message History

The poison arrow hits you!
You are poisoned.
You partially resist.
* * * LOW HITPOINT WARNING * * *
* * * LOW HITPOINT WARNING * * *
You feel sick.
The shock serpent shoots out a bolt of lightning at you!
The bolt of electricity misses you.
Cornered, the nagaraja turns to fight!
The nagaraja points at you and mumbles some strange words.
You feel strangely unstable.
Okay, then.
You feel better.
Cornered, the shock serpent turns to fight!
The shock serpent shoots out a bolt of lightning at you!
The bolt of electricity misses you.
The shock serpent shoots out a bolt of lightning at you!
The bolt of electricity misses you.
The shock serpent shoots out a bolt of lightning at you!
The bolt of electricity hits you!!
You die...

......#++######
......'(....(..
..####
......(.......
......
....(('(S.##.#
##...... .
#N..##.# #......
.# #...##.#
#....# .#
#...##.## #>...#
.#
#.......###....##
.##
#....@...)).....+
..#
#........##.....+
..#
#...###..##....##
..# #### #####
#..##....#
..###....##
#..####''##
.NS.'.....##
#..#...<..#
NNN##......#
#..+......# ...#
....# #..+.....##
...# #..##
#..+....##


You could see a nagaraja and a shock serpent.

Vanquished Creatures
  Gastronok (D:11)
  Kirke (Snake:1)
  3 nagarajas
  An orc warlord (Orc:2)
  A dire elephant (Gauntlet)
  A minotaur (Gauntlet)
  4 hydras
  A hell beast (Gauntlet)
  Fannar (D:10)
  2 boulder beetles
  7 naga warriors
  4 catoblepae (Lair:6)
  An anaconda (Snake:1)
  2 two-headed ogres
  10 death yaks (Lair:6)
  4 naga sharpshooters
  4 shock serpents
  4 orc high priests (Orc:2)
  A salamander mystic (Snake:3)
  2 skeletal warriors (D:11)
  A naga ritualist (Snake:3)
  A mana viper (Snake:3)
  6 orc knights
  4 orc sorcerers
  7 salamanders
  4 oklob plants (Lair:4)
  3 manticores
  A cyclops (D:12)
  10 elephants
  3 merfolk sirens (Lair:2)
  2 guardian serpents
  2 ugly things
  15 black mambas
  8 naga magi
  A gargoyle (D:12)
  2 torpor snails
  9 cane toads
  Maggie (D:6)
  7 komodo dragons
  2 rime drakes
  5 trolls
  A polar bear (Lair:5)
  39 blink frogs
  Prince Ribbit (D:6)
  7 dream sheep
  A shadow (D:10)
  5 wyverns
  66 yaks
  2 hogs (Snake:1)
  4 basilisks
  A vampire mosquito (D:11)
  Menkaure (D:7)
  22 nagas
  2 wargs (Orc:2)
  A soldier ant (D:12)
  An acid dragon (D:11)
  A hell hound (Gauntlet)
  17 water moccasins
  Duvessa (D:4)
  3 sky beasts
  2 ice beasts
  2 black bears
  An eye of draining (D:7)
  47 orc warriors
  9 ogres
  7 centaurs
  3 phantoms
  5 wolves (Lair:6)
  7 big kobolds
  8 bullfrogs
  Dowan (D:4)
  2 scorpions
  A troll zombie (D:10)
  3 killer bees (D:9)
  12 wights
  3 howler monkeys
  An electric eel (D:8)
  A quasit (D:10)
  2 hounds
  A bullfrog zombie (D:5)
  2 centaur zombies
  15 jellies
  36 orc wizards
  2 bullfrog skeletons
  25 orc priests
  Jessica (D:2)
  2 centaur skeletons
  5 iguanas
  Natasha (thrice) (D:2)
  6 worker ants
  5 ogre zombies (D:10)
  2 hound skeletons (D:7)
  2 worker ant zombies (D:10)
  Robin (D:2)
  10 adders
  6 gnolls
  2 shadow imps (D:6)
  3 white imps
  An ufetubus (D:6)
  5 oozes
  2 adder skeletons
  2 adder zombies
  6 worms
  4 dart slugs
  5 leopard geckos
  123 orcs
  5 bats
  6 giant cockroaches
  19 goblins
  14 hobgoblins
  6 quokkas
  2 ball pythons
  7 frilled lizards
  A goblin skeleton (D:10)
  2 goblin zombies (D:10)
  2 hobgoblin zombies (D:10)
  37 kobolds
  A leopard gecko skeleton (D:4)
  An orc skeleton (D:10)
  13 orc zombies (D:10)
  A quokka zombie (D:8)
  6 rats
842 creatures vanquished.

Vanquished Creatures (collateral kills)
  A freezing wraith (D:11)
1 creature vanquished.

Vanquished Creatures (others)
  32 fungi
  61 plants
93 creatures vanquished.

Grand Total: 936 creatures vanquished

Notes
Turn   | Place    | Note
-------+----------+-------------------------------------------
     0 | D:1      | mattiecakes the Halfling Hunter began the quest for the
                  | Orb.
     0 | D:1      | Reached XP level 1. HP: 14/14 MP: 1/1
    80 | D:1      | Reached skill level 6 in Slings
   255 | D:1      | Reached XP level 2. HP: 5/19 MP: 2/2
   734 | D:1      | Reached skill level 7 in Slings
   734 | D:1      | Reached XP level 3. HP: 24/24 MP: 3/3
  1021 | D:2      | Noticed Natasha
  1023 | D:2      | Killed Natasha
  1023 | D:2      | Reached XP level 4. HP: 29/29 MP: 4/4
  1023 | D:2      | Noticed Natasha
  1033 | D:2      | Killed Natasha
  1033 | D:2      | Reached skill level 8 in Slings
  1142 | D:2      | Noticed Natasha
  1154 | D:2      | Killed Natasha
  1154 | D:2      | Reached XP level 5. HP: 23/34 MP: 5/5
  1302 | D:2      | Reached skill level 9 in Slings
  1651 | D:2      | Noticed Robin
  1725 | D:2      | Killed Robin
  2006 | D:2      | Noticed Jessica
  2013 | D:2      | Killed Jessica
  2013 | D:2      | Reached XP level 6. HP: 39/39 MP: 6/6
  2117 | D:2      | Reached skill level 10 in Slings
  2318 | D:2      | Found a glowing golden altar of the Shining One.
  2318 | D:2      | Found a sacrificial altar of Ru.
  3502 | D:4      | Found a staircase to the Ecumenical Temple.
  3518 | Temple   | Entered the Ecumenical Temple
  3726 | Temple   | Became a worshipper of Warmaster Okawaru
  3814 | D:4      | Noticed Dowan
  3816 | D:4      | Noticed Duvessa
  3829 | D:4      | Killed Duvessa
  3829 | D:4      | Reached skill level 1 in Short Blades
  3829 | D:4      | Reached skill level 1 in Invocations
  3829 | D:4      | Reached XP level 7. HP: 45/45 MP: 7/7
  3836 | D:4      | Killed Dowan
  3977 | D:4      | Reached skill level 11 in Slings
  4323 | D:4      | Found a shimmering blue altar of Sif Muna.
  4753 | D:5      | Entered Level 5 of the Dungeon
  4867 | D:5      | Reached XP level 8. HP: 51/51 MP: 9/9
  4964 | D:5      | Reached * piety under Okawaru
  5651 | D:5      | Found a basalt altar of Yredelemnul.
  6030 | D:6      | Noticed Prince Ribbit
  6046 | D:6      | Killed Prince Ribbit
  6046 | D:6      | Reached ** piety under Okawaru
  6188 | D:6      | Noticed ArthosElwyn's ghost (novice OpWn)
  6202 | D:6      | Reached XP level 9. HP: 58/58 MP: 12/12
  6206 | D:6      | Reached skill level 12 in Slings
  6250 | D:6      | Found a runed translucent gate.
  6250 | D:6      | Found a runed translucent gate.
  6250 | D:6      | Found a runed translucent gate.
  6508 | D:5      | Reached skill level 5 in Short Blades
  6761 | D:6      | Reached skill level 5 in Invocations
  6947 | D:6      | Noticed Maggie
  7232 | D:6      | Killed Maggie
  7232 | D:6      | Reached *** piety under Okawaru
  7232 | D:6      | Reached skill level 5 in Fighting
  7955 | D:7      | Found Viococ's Antique Armour Boutique.
  7999 | D:7      | Reached XP level 10. HP: 66/66 MP: 14/14
  8098 | D:7      | Found a snail-covered altar of Cheibriados.
  8098 | D:7      | Found a sparkling altar of Nemelex Xobeh.
  8099 | D:7      | Found a hazy altar of Hepliaklqana.
  8113 | D:7      | Found a stormy altar of Qazlal.
  8368 | D:7      | Found a flagged portal.
  8393 | D:7      | Noticed Menkaure
  8396 | D:7      | Killed Menkaure
  8409 | Bailey   | Entered a bailey
  8422 | Bailey   | Reached skill level 1 in Armour
  8640 | Bailey   | Received a gift from Okawaru
  9177 | Bailey   | Reached **** piety under Okawaru
  9249 | Bailey   | Noticed an orc knight
  9317 | Bailey   | Killed an orc knight
  9802 | D:7      | Found a bloodstained altar of Trog.
 10260 | D:8      | Found a hide-covered altar of Uskayaw.
 10622 | D:8      | Noticed a two-headed ogre
 10631 | D:8      | Killed a two-headed ogre
 10631 | D:8      | Reached ***** piety under Okawaru
 10631 | D:8      | Reached skill level 5 in Dodging
 10631 | D:8      | Reached XP level 11. HP: 74/74 MP: 16/16
 11148 | D:9      | Received a gift from Okawaru
 11196 | D:9      | Reached skill level 5 in Armour
 11255 | D:9      | Found a runed translucent gate.
 11255 | D:9      | Found a runed translucent gate.
 11256 | D:9      | Noticed robertstho's ghost (novice DEIE)
 11336 | D:9      | Received a gift from Okawaru
 11675 | D:9      | Found a runed translucent gate.
 11846 | D:10     | Entered Level 10 of the Dungeon
 12153 | D:10     | Got a jewelled short sword
 12154 | D:10     | Identified the +0 short sword of Fee Simple {vorpal, MR++
                  | Int-5} (You found it on level 10 of the Dungeon)
 12507 | D:10     | Noticed Fannar
 12537 | D:10     | Killed Fannar
 12991 | D:10     | Found a staircase to the Orcish Mines.
 13143 | D:10     | Noticed a brown ugly thing
 13153 | D:10     | Killed a brown ugly thing
 13363 | D:11     | Reached skill level 1 in Evocations
 13363 | D:11     | Reached XP level 12. HP: 83/83 MP: 17/17
 13438 | D:11     | Received a gift from Okawaru
 13666 | D:11     | Reached skill level 5 in Evocations
 13707 | D:11     | Found a staircase to the Lair.
 13750 | D:11     | Noticed a skeletal warrior
 13751 | D:11     | Noticed a death knight
 13751 | D:11     | Noticed a skeletal warrior
 14446 | D:11     | Noticed Gastronok
 14460 | D:11     | Killed Gastronok
 14460 | D:11     | Received a gift from Okawaru
 14522 | D:11     | Killed a skeletal warrior
 14543 | D:11     | Killed a skeletal warrior
 15755 | D:12     | Got a pair of scorched boots
 15756 | D:12     | Identified the +2 pair of boots of the Sun {*Drain Int+3
                  | Slay+3 Stlth+} (You found it on level 12 of the Dungeon)
 15778 | D:12     | Noticed a boulder beetle
 15828 | D:12     | Killed a boulder beetle
 16137 | Lair:1   | Entered Level 1 of the Lair of Beasts
 16151 | Lair:1   | Reached XP level 13. HP: 84/88 MP: 18/18
 16247 | Lair:1   | Reached skill level 13 in Slings
 17167 | Lair:2   | Received a gift from Okawaru
 17348 | Lair:2   | Found a staircase to the Snake Pit.
 17521 | Lair:2   | Found a gate leading to a gauntlet.
 17628 | Gauntlet | Entered a Gauntlet
 17628 | Gauntlet | Found a large runed translucent door.
 17628 | Gauntlet | Found a large runed translucent door.
 17628 | Gauntlet | Found a large runed translucent door.
 17628 | Gauntlet | Found a large runed translucent door.
 17628 | Gauntlet | Found a transporter.
 17628 | Gauntlet | Found a large runed translucent door.
 17628 | Gauntlet | Found a large runed translucent door.
 17628 | Gauntlet | Found a large runed translucent door.
 17628 | Gauntlet | Found a large runed translucent door.
 17628 | Gauntlet | Found a runed translucent door.
 17628 | Gauntlet | Found a runed translucent gate.
 17628 | Gauntlet | Found a transporter.
 17628 | Gauntlet | Found a transporter.
 17628 | Gauntlet | Found a runed translucent gate.
 17628 | Gauntlet | Found a transporter.
 17633 | Gauntlet | Found a transporter.
 17638 | Gauntlet | Noticed a hell beast
 17644 | Gauntlet | Found a transporter.
 17646 | Gauntlet | Noticed a dire elephant
 17701 | Gauntlet | Found a runed translucent door.
 17702 | Gauntlet | Found a large runed translucent door.
 17702 | Gauntlet | Found a large runed translucent door.
 17702 | Gauntlet | Found a large runed translucent door.
 17702 | Gauntlet | Found a large runed translucent door.
 17703 | Gauntlet | Found a large runed translucent door.
 17703 | Gauntlet | Found a large runed translucent door.
 17704 | Gauntlet | Found a large runed translucent door.
 17704 | Gauntlet | Found a large runed translucent door.
 17708 | Gauntlet | Found a transporter.
 17722 | Gauntlet | Found a transporter.
 17733 | Gauntlet | Found a transporter.
 17743 | Gauntlet | Found a transporter.
 17758 | Gauntlet | Found a transporter.
 17764 | Gauntlet | Found a transporter.
 17787 | Gauntlet | Found a runed translucent gate.
 17990 | Gauntlet | Killed a hell beast
 18145 | Gauntlet | Killed a dire elephant
 18166 | Gauntlet | Got a crude iron ring
 18281 | Gauntlet | Noticed a minotaur
 18299 | Gauntlet | Killed a minotaur
 18299 | Gauntlet | Reached skill level 14 in Slings
 18503 | Gauntlet | Identified the ring of Yleff {MP+9 Int+6 Slay-5 Stlth+}
                  | (You found it in a Gauntlet)
 19393 | Lair:3   | Reached XP level 14. HP: 97/97 MP: 19/19
 19562 | Lair:3   | Found a runed translucent door.
 20110 | Lair:3   | Received a gift from Okawaru
 20279 | Lair:4   | Received a gift from Okawaru
 20279 | Lair:4   | Reached skill level 10 in Dodging
 20733 | Lair:4   | Received a gift from Okawaru
 20733 | Lair:4   | Reached skill level 10 in Fighting
 20765 | Lair:4   | Identified the Papyrus of Flight
 20791 | Lair:4   | Got a vibrating steel ring
 20797 | Lair:4   | Identified the ring "Teebe" {rC+ rN+ MR+ Str+2 Dex-5} (You
                  | found it on level 4 of the Lair of Beasts)
 20894 | Lair:4   | Reached skill level 15 in Slings
 20943 | Lair:4   | Reached skill level 10 in Armour
 22564 | Lair:6   | Entered Level 6 of the Lair of Beasts
 22585 | Lair:5   | Received a gift from Okawaru
 22766 | Lair:6   | Received a gift from Okawaru
 22772 | Lair:6   | Reached ****** piety under Okawaru
 23068 | Lair:6   | Received a gift from Okawaru
 23071 | Lair:6   | Got a crystal hunting sling {god gift}
 23072 | Lair:6   | Identified the +6 hunting sling of Cytus {venom, rElec}
                  | (Okawaru gifted it to you on level 6 of the Lair of Beasts)
 23261 | Lair:6   | Reached XP level 15. HP: 86/105 MP: 20/20
 23337 | Lair:6   | Reached skill level 16 in Slings
 23483 | Lair:6   | Found a staircase to the Slime Pits.
 23698 | Lair:6   | Received a gift from Okawaru
 24459 | Lair:6   | Received a gift from Okawaru
 24931 | Lair:6   | Received a gift from Okawaru
 25296 | Orc:1    | Entered Level 1 of the Orcish Mines
 26247 | Orc:2    | Entered Level 2 of the Orcish Mines
 26252 | Orc:2    | Reached skill level 17 in Slings
 26295 | Orc:2    | Found a staircase to the Elven Halls.
 26492 | Orc:2    | Noticed an orc warlord
 26509 | Orc:2    | Killed an orc warlord
 26648 | Orc:2    | Received a gift from Okawaru
 26704 | Orc:2    | Reached XP level 16. HP: 71/114 MP: 21/21
 26716 | Orc:2    | Received a gift from Okawaru
 26973 | Orc:2    | Found Hyatsuqi's General Store.
 26974 | Orc:2    | Found Cauf's Jewellery Shoppe.
 26975 | Orc:2    | Found Deowuqez's Antique Armour Emporium.
 26975 | Orc:2    | Found Usou's Antique Weapon Emporium.
 27236 | Orc:2    | Found Otigefet's Distillery.
 27733 | Snake:1  | Entered Level 1 of the Snake Pit
 27761 | Snake:1  | Received a gift from Okawaru
 27902 | Snake:1  | Received a gift from Okawaru
 28287 | Snake:1  | Noticed a nagaraja
 28294 | Snake:1  | Noticed Kirke
 28502 | Snake:1  | Killed a nagaraja
 28502 | Snake:1  | Received a gift from Okawaru
 28510 | Snake:1  | Identified the cursed -6 tower shield "Upacleysch" {Rampage
                  | Int+2}
 28536 | Snake:1  | Killed Kirke
 29249 | Snake:2  | Received a gift from Okawaru
 29322 | Snake:2  | Reached skill level 18 in Slings
 29402 | Snake:2  | Noticed a nagaraja
 29411 | Snake:2  | Killed a nagaraja
 29670 | Snake:2  | Received a gift from Okawaru
 29674 | Snake:2  | Got a polished hunting sling {god gift}
 29675 | Snake:2  | Identified the +3 hunting sling of Viotef {vorpal, Int+4}
                  | (Okawaru gifted it to you on level 2 of the Snake Pit)
 30223 | Snake:3  | Noticed a nagaraja
 30231 | Snake:3  | Killed a nagaraja
 30450 | Snake:3  | Got a vibrating silver ring
 31013 | Snake:3  | Received a gift from Okawaru
 31013 | Snake:3  | Reached XP level 17. HP: 103/121 MP: 22/22
 31178 | Snake:3  | HP: 5/121 [nagaraja/poison arrow (12)]
 31183 | Snake:3  | Killed from afar by a shock serpent

Illustrated notes

Levels and vault maps discovered:
D:1:      lightli_arrival_lavapool, layout_loops_ring
D:2:      minmay_chambers_of_ones, layout_basic,
          gammafunk_temple_overflow_statue, uniq_natasha, uniq_jessica,
          uniq_robin
D:3:      layout_loops_ring, kennysheep_generic_room_6
D:4:      layout_loops_corners, nicolae_overflow_crystal_walls,
          minmay_temple_entry_water_ring, uniq_duvessa
D:5:      layout_basic, basic_altar
D:6:      layout_basic, gammafunk_ghost_icy, uniq_maggie, uniq_prince_ribbit1
D:7:      layout_basic, gammafunk_temple_overflow_claw, trog_eyes_of_draining,
          kennysheep_mini, serial_shops, shop, enter_bailey_3, uniq_menkaure
D:8:      layout_basic, eat_drink_and_be_merry_uskayaw
D:9:      layout_roguey, gammafunk_ghost_split
D:10:     layout_roguey, zombieorc1_lemuel, uniq_fannar
D:11:     layout_long_grid, minmay_lair_entry_grove, patterned_corridor,
          uniq_gastronok
D:12:     gammafunk_boulding_lane, layout_basic
Temple:   nicolae_temple_figure_eight
Lair:1:   layout_chaotic_city
Lair:2:   layout_misc_corridors, elwin_shoals_entry_stream,
          minmay_snake_entry_guardpost_small, gauntlet_entry_generic
Lair:3:   layout_small_grid, pf_torpor_hydra
Lair:4:   layout_long_grid, chequers_serial_rivers_small_a, grunt_megastairs_1,
          serial_bayou_shore_a, minmay_lair_oklob_chamber
Lair:5:   layout_regular_city
Lair:6:   evilmike_catoblepas_cave, layout_cave_pods,
          minmay_slime_entry_jelly_boxes, lemuel_fruit_tree
Snake:1:  layout_cave_shapes, uniq_kirke
Snake:2:  layout_misc_corridors
Snake:3:  layout_gridlike
Orc:1:    layout_caves
Orc:2:    st_orc_congregation, layout_caves, serial_shops,
          nicolae_shop_window_shopping, lightli_volcano_entry_magma_tube,
          rock_pile

Skill      XL: |  1  2  3  4  5  6  7  8  9 10 11 12 13 14 15 16 |
---------------+-------------------------------------------------+-----
Slings         | 6 7 8 9 10 11 12 14 15 17 18 | 18.5
Fighting       | 2 4 5 6 8 9 10 11 12 | 12.6
Short Blades   | 1 2 4 6 8 |  8.0
Invocations    | 1 2 4 6 7 |  7.1
Armour         | 4 7 9 10 12 13 | 13.3
Dodging        | 5 7 9 11 12 13 | 13.6
Evocations     | 1 9 |  9.9
Stealth        | |  1.1

Action                   |  1- 3 |  4- 6 |  7- 9 | 10-12 | 13-15 | 16-18 || total
-------------------------+-------+-------+-------+-------+-------+-------++-------
Melee: Short sword       |     6 |    31 |       |     4 |       |       ||    41
       Rapier            |       |       |    22 |       |       |       ||    22
       Quick blade       |       |       |       |       |     5 |       ||     5
 Fire: Hunting sling     |    66 |   279 |   417 |   943 |   936 |       ||  2641
       Fustibalus        |       |       |       |       |   440 |   401 ||   841
Invok: Heroism           |       |       |     2 |     6 |     6 |     2 ||    16
       Finesse           |       |       |       |     1 |     2 |       ||     3
  Use: Potion            |       |     6 |     5 |    11 |       |     5 ||    27
       Scroll            |       |     6 |     4 |    14 |    10 |     6 ||    40
Armor: Leather armour    |     4 |       |       |       |       |       ||     4
       Plate armour      |       |   135 |    57 |   129 |   165 |     3 ||   489
       Ring mail         |       |       |       |       |       |    29 ||    29
Dodge: Dodged            |     6 |    53 |    37 |   185 |   206 |   140 ||   627

Table legend: (Time is in decaauts)
 A = Elapsed time spent in this place.
 B = Non-inter-level travel time spent in this place.
 C = Inter-level travel time spent in this place.
 D = Time resting spent in this place.
 E = Time spent auto-exploring this place.
 F = Levels seen in this place.
 G = Mean time per level.
                   A        B        C        D        E       F      G
               +--------+--------+--------+--------+--------+-----+--------+
         Total |  29888 |  28373 |   1515 |   4559 |  18339 |  26 | 1149.5 |
       Dungeon |  14365 |  13491 |    874 |   2523 |   8447 |  12 | 1197.1 |
        Temple |    218 |    181 |     37 |      0 |    180 |   1 |  218.0 |
          Lair |   7983 |   7551 |    432 |    683 |   5655 |   6 | 1330.5 |
     Snake Pit |   3210 |   3133 |     77 |   1002 |   1653 |   3 | 1070.0 |
  Orcish Mines |   2051 |   1957 |     94 |    196 |   1210 |   2 | 1025.5 |
        Bailey |   1142 |   1142 |      0 |    155 |    679 |   1 | 1142.0 |
      Gauntlet |    915 |    915 |      0 |      0 |    514 |   1 |  915.0 |
               +--------+--------+--------+--------+--------+-----+--------+

Top non-repeatable levels by time:
  Lair:6: 2303 daAuts
    D:10: 2129 daAuts
     D:5: 1697 daAuts
     D:2: 1635 daAuts
 Snake:2: 1613 daAuts
    D:11: 1547 daAuts
     D:6: 1318 daAuts
  Lair:4: 1296 daAuts
   Orc:2: 1286 daAuts
  Lair:3: 1153 daAuts
  Bailey: 1142 daAuts
  Lair:5: 1124 daAuts
 Snake:1: 1108 daAuts
     D:9: 1098 daAuts
  Lair:1: 1060 daAuts
